[Event "ICC tourney 1955 (60 10)"]
[Site "Internet Chess Club"]
[Date "2020.08.09"]
[Round "7"]
[White "omegablitz"]
[Black "playtowin2020"]
[Result "0-1"]
[ICCResult "White checkmated"]
[WhiteElo "1729"]
[BlackElo "1956"]
[Opening "Nimzo-Indian: classical, Milner-Barry (Zurich) variation"]
[ECO "E33"]
[NIC "NI.24"]
[Time "12:02:19"]
[TimeControl "3600+10"]

1. d4 Nf6 2. c4 e6 3. Nc3 Bb4 4. Qc2 Nc6 5. Nf3 d6 6. Bg5 h6 7. Bh4 e5 8. e3
exd4 9. exd4 O-O 10. Be2 Bg4 11. d5 Bxf3 12. Bxf3 Re8+ 13. Kd1 Ne5 14. Be2
Ng6 15. Bg3 Bxc3 16. Qxc3 Ne4 17. Qd3 Qf6 18. Bf3 Qxb2 19. Rc1 Nf4 20. Qe3
Nxg3 21. Qxf4 Nxh1 22. Rc2 Nxf2+ 23. Kd2 Ne4+ 24. Kd3 Nc5+ 25. Kd2 Qb4+ 26.
Kd1 Re1# {White checkmated} 0-1

[Event "ICC tourney 1955 (60 10)"]
[Site "Internet Chess Club"]
[Date "2020.08.09"]
[Round "7"]
[White "Knightboy123"]
[Black "betterone76"]
[Result "0-1"]
[ICCResult "White checkmated"]
[WhiteElo "1632"]
[BlackElo "1825"]
[Opening "Pirc: classical (two knights) system"]
[ECO "B06"]
[NIC "PU.10"]
[Time "12:02:21"]
[TimeControl "3600+10"]

1. e4 g6 2. d4 d6 3. Nf3 Bg7 4. Nc3 Nf6 5. Bc4 O-O 6. Be3 Nxe4 7. Nxe4 d5 8.
Bd3 dxe4 9. Bxe4 c5 10. c3 cxd4 11. Nxd4 e5 12. Nb5 Qe7 13. Bxa7 Rd8 14. Qe2
f5 15. Bc2 Nc6 16. Bb6 Rf8 17. Bb3+ Kh8 18. Nc7 Rb8 19. Nd5 Qg5 20. Bc5 Re8
21. Bd6 Ra8 22. Nc7 Qxg2 23. O-O-O Bd7 24. Nxe8 Rxe8 25. Bd5 e4 26. Bxc6
Bxc6 27. Bg3 Qh3 28. Rhg1 Bh6+ 29. Kb1 f4 30. Rh1 e3 31. f3 Qf5+ 32. Qd3
Bxf3 33. Qxf5 gxf5 34. Bh4 Bxh1 35. Rxh1 f3 36. Rg1 Bg7 37. Kc1 e2 38. Bf2
Bh6+ 39. Kc2 Be3 40. Bxe3 Rxe3 41. Kd2 f2 42. Kxe3 fxg1=Q+ 43. Kxe2 Qg2+ 44.
Kd3 f4 45. c4 f3 46. c5 f2 47. c6 f1=Q+ 48. Kd4 Qff3 49. c7 Qgg4+ 50. Ke5
Qff5+ 51. Kd6 Qgg6+ 52. Ke7 Qff7+ 53. Kd8 Qgg8# {White checkmated} 0-1

[Event "ICC tourney 1955 (60 10)"]
[Site "Internet Chess Club"]
[Date "2020.08.09"]
[Round "7"]
[White "caracal"]
[Black "JunlinTheWorld"]
[Result "1-0"]
[ICCResult "Black checkmated"]
[WhiteElo "1985"]
[BlackElo "1713"]
[Opening "Grünfeld: exchange variation"]
[ECO "D85"]
[NIC "GI.04"]
[Time "12:03:33"]
[TimeControl "3600+10"]

1. d4 Nf6 2. c4 g6 3. Nc3 d5 4. cxd5 Nxd5 5. e4 Nxc3 6. bxc3 Bg7 7. Be3 c5
8. Qd2 Nc6 9. Nf3 O-O 10. d5 Qa5 11. Rc1 Ne5 12. Nxe5 Bxe5 13. h4 Bg4 14. f3
Bd7 15. h5 Qc7 16. hxg6 Bg3+ 17. Bf2 fxg6 18. d6 Qxd6 19. Bc4+ e6 20. Qxd6
Bxd6 21. Rd1 Ba4 22. Rxd6 Rad8 23. Bxe6+ Kg7 24. Bxc5 Rxd6 25. Bxd6 Rd8 26.
Be5+ Kf8 27. Rxh7 Rd1+ 28. Ke2 Rb1 29. Bd6+ Ke8 30. Rh8# {Black checkmated}
1-0

[Event "ICC tourney 1955 (60 10)"]
[Site "Internet Chess Club"]
[Date "2020.08.09"]
[Round "7"]
[White "Monkeybomb3605"]
[Black "ShadowApt"]
[Result "1/2-1/2"]
[ICCResult "Game drawn by mutual agreement"]
[WhiteElo "1984"]
[BlackElo "2089"]
[Opening "Sicilian: Najdorf, Byrne (English) attack"]
[ECO "B90"]
[NIC "SI.14"]
[Time "12:02:49"]
[TimeControl "3600+10"]

1. e4 c5 2. Nf3 d6 3. d4 cxd4 4. Nxd4 Nf6 5. Nc3 a6 6. Be3 e5 7. Nf3 Be7 8.
Nd2 b5 9. a4 b4 10. Nd5 Nxd5 11. exd5 O-O 12. a5 f5 13. Nc4 Nd7 14. Qd2 b3
15. cxb3 f4 16. Bb6 Nxb6 17. Nxb6 Rb8 18. Bd3 f3 19. g3 Bh3 20. Qc2 Bg5 21.
Bxh7+ Kh8 22. Be4 Rxb6 23. axb6 Qxb6 24. Ra4 Rc8 25. Rc4 Qa5+ 26. Kd1
{Game drawn by mutual agreement}
1/2-1/2

[Event "ICC tourney 1955 (60 10)"]
[Site "Internet Chess Club"]
[Date "2020.08.09"]
[Round "7"]
[White "myqueen"]
[Black "WR3311"]
[Result "1-0"]
[ICCResult "Black resigns"]
[WhiteElo "2008"]
[BlackElo "1838"]
[Opening "Petrov: Nimzovich attack"]
[ECO "C42"]
[NIC "RG.03"]
[Time "12:03:33"]
[TimeControl "3600+10"]

1. e4 e5 2. Nf3 Nf6 3. Nxe5 d6 4. Nf3 Nxe4 5. Nc3 Nxc3 6. dxc3 Nc6 7. Be3
Be6 8. Qd2 Qd7 9. O-O-O O-O-O 10. Kb1 f6 11. Bb5 a6 12. Ba4 Qe8 13. Rhe1 Bd7
14. Bf4 Qf7 15. Nd4 Nxd4 16. Bxd7+ Qxd7 17. Qxd4 Kb8 18. Be3 b6 19. a4 d5
20. a5 Bc5 21. Qf4 Bxe3 22. Rxe3 b5 23. Red3 Qe6 24. Qb4 Rd6 25. c4 dxc4 26.
Rxd6 cxd6 27. Rxd6 Qc8 28. Rb6+ Ka8 29. Qd6 {Black resigns} 1-0

[Event "ICC tourney 1955 (60 10)"]
[Site "Internet Chess Club"]
[Date "2020.08.09"]
[Round "7"]
[White "tanker2"]
[Black "kkhanna"]
[Result "1-0"]
[ICCResult "Black checkmated"]
[WhiteElo "1860"]
[BlackElo "1341"]
[Opening "Grünfeld: exchange variation"]
[ECO "D85"]
[NIC "GI.04"]
[Time "12:03:01"]
[TimeControl "3600+10"]

1. d4 Nf6 2. c4 g6 3. Nc3 d5 4. cxd5 Nxd5 5. e4 Nxc3 6. bxc3 Bg7 7. Be3 c5
8. Rc1 Qa5 9. Qd2 Nc6 10. Nf3 Bg4 11. d5 Bxf3 12. gxf3 Ne5 13. Be2 O-O 14.
f4 Nd7 15. c4 Qxd2+ 16. Kxd2 b6 17. Bf3 Rad8 18. Ke2 Nb8 19. a4 Na6 20. a5
Nb4 21. e5 f6 22. e6 f5 23. h4 bxa5 24. Bxc5 Rfe8 25. Bxa7 Ra8 26. Be3 Na2
27. Rc2 Nb4 28. Rd2 a4 29. d6 exd6 30. Bxa8 Rxa8 31. Bd4 a3 32. Bxg7 Kxg7
33. Ra1 Ra6 34. Ke3 Kf6 35. Kd4 Kxe6 36. Kc3 Nc6 37. Rda2 d5 38. Rxa3 Rxa3+
39. Rxa3 dxc4 40. Kxc4 Nd8 41. Ra7 Nf7 42. Ra6+ Ke7 43. Kd5 Kf8 44. Ke6 Nh6
45. Ra7 Kg8 46. f3 Ng4 47. fxg4 fxg4 48. Ra3 Kg7 49. Rg3 h5 50. f5 Kh6 51.
fxg6 Kxg6 52. Ke5 Kg7 53. Kf5 Kh6 54. Kf6 Kh7 55. Kg5 Kg7 56. Kxh5 Kf6 57.
Rxg4 Kf7 58. Rg6 Kf8 59. Kh6 Kf7 60. Kg5 Kf8 61. Kf6 Ke8 62. Ke6 Kf8 63. Rg5
Ke8 64. Rg8# {Black checkmated} 1-0

[Event "ICC tourney 1955 (60 10)"]
[Site "Internet Chess Club"]
[Date "2020.08.09"]
[Round "7"]
[White "divy7"]
[Black "mmchan"]
[Result "1/2-1/2"]
[ICCResult "Game drawn by mutual agreement"]
[WhiteElo "1713"]
[BlackElo "1959"]
[Opening "Vienna: Paulsen-Mieses variation"]
[ECO "C26"]
[NIC "VG.01"]
[Time "12:03:33"]
[TimeControl "3600+10"]

1. e4 e5 2. Nc3 Nf6 3. g3 Bc5 4. Bg2 d6 5. Nge2 O-O 6. d3 h6 7. O-O a6 8. h3
c6 9. Kh2 d5 10. f4 exf4 11. Bxf4 dxe4 12. d4 Bd6 13. Bxd6 Qxd6 14. Nxe4
Nxe4 15. Bxe4 Nd7 16. Nf4 Nf6 17. Qd3 Be6 18. Rae1 Rfe8 19. a3 Rad8 20. c3
Bd5 21. Bxd5 Nxd5 22. Nxd5 Qxd5 23. Rxe8+ Rxe8 24. Rf5 Qa2 25. Rf2 Qd5 26.
c4 Qe4 27. Qxe4 Rxe4 28. Rd2 Kf8 29. Kg2 f5 30. Kf3
{Game drawn by mutual agreement}
1/2-1/2

[Event "ICC tourney 1955 (60 10)"]
[Site "Internet Chess Club"]
[Date "2020.08.09"]
[Round "7"]
[White "AHSRULES"]
[Black "andrewjiang2"]
[Result "1-0"]
[ICCResult "Black resigns"]
[WhiteElo "1877"]
[BlackElo "2056"]
[Opening "Scotch gambit: Dubois-Réti defense"]
[ECO "C55"]
[NIC "KP.02"]
[Time "12:03:31"]
[TimeControl "3600+10"]

1. e4 e5 2. Nf3 Nc6 3. d4 exd4 4. Bc4 Nf6 5. e5 d5 6. Bb5 Ne4 7. Nxd4 Bd7 8.
Bxc6 bxc6 9. O-O Bc5 10. f3 Ng5 11. f4 Ne4 12. Be3 O-O 13. Nd2 Nxd2 14. Qxd2
Bb6 15. Nb3 Qe7 16. a4 a5 17. Rae1 Qb4 18. Qf2 Bf5 19. Bxb6 cxb6 20. Nd4 Bd7
21. c3 Qxa4 22. f5 c5 23. b3 {Black resigns} 1-0

[Event "ICC tourney 1955 (60 10)"]
[Site "Internet Chess Club"]
[Date "2020.08.09"]
[Round "7"]
[White "natez"]
[Black "aadit1709"]
[Result "0-1"]
[ICCResult "White resigns"]
[WhiteElo "1861"]
[BlackElo "2038"]
[Opening "King's Indian, 3.Nf3"]
[ECO "E61"]
[NIC "QP.06"]
[Time "12:03:53"]
[TimeControl "3600+10"]

1. d4 Nf6 2. Nf3 g6 3. c4 Bg7 4. Nc3 O-O 5. g3 d5 6. cxd5 Nxd5 7. Bg2 c5 8.
e4 Nxc3 9. bxc3 cxd4 10. cxd4 Nc6 11. Be3 Bg4 12. e5 Qa5+ 13. Qd2 Qa6 14.
Qe2 Qa4 15. Rd1 Rfd8 16. O-O Be6 17. Rfe1 Qxa2 18. Qxa2 Bxa2 19. Rd2 Bd5 20.
Rb1 h6 21. Kf1 b5 22. Ke2 a5 23. Kd1 b4 24. Kc1 a4 25. Ne1 b3 26. Bxd5 Rxd5
27. Kb2 Na5 28. Ka1 Nc4 29. Re2 Nxe5 {White resigns} 0-1

[Event "ICC tourney 1955 (60 10)"]
[Site "Internet Chess Club"]
[Date "2020.08.09"]
[Round "7"]
[White "VeronicaG"]
[Black "Sahabangs"]
[Result "1-0"]
[ICCResult "Black resigns"]
[WhiteElo "1824"]
[BlackElo "1435"]
[Opening "Queen's bishop game"]
[ECO "D00"]
[NIC "QP.08"]
[Time "12:03:16"]
[TimeControl "3600+10"]

1. d4 d5 2. Bf4 Nf6 3. Nf3 e6 4. e3 a6 5. Nbd2 Be7 6. Bd3 O-O 7. Qe2 Nbd7 8.
Ne5 c5 9. c3 b5 10. e4 Bb7 11. Nxd7 Nxd7 12. e5 Rc8 13. Qh5 g6 14. Qg4 Re8
15. h4 Bf8 16. h5 Bg7 17. Nf3 Nf8 18. hxg6 fxg6 19. Bh6 Qd7 20. Bxg7 Qxg7
21. Ng5 c4 22. Bc2 Rb8 23. Rh3 Bc8 24. O-O-O Qa7 25. Nxh7 Nxh7 26. Qxg6+
{Black resigns}
1-0

[Event "ICC tourney 1955 (60 10)"]
[Site "Internet Chess Club"]
[Date "2020.08.09"]
[Round "7"]
[White "Singireddy"]
[Black "Chessking2008"]
[Result "1-0"]
[ICCResult "Black resigns"]
[WhiteElo "2021"]
[BlackElo "2128"]
[Opening "Sicilian: Alapin's variation (2.c3)"]
[ECO "B22"]
[NIC "SI.46"]
[Time "12:04:13"]
[TimeControl "3600+10"]

1. e4 c5 2. c3 e6 3. d4 d5 4. exd5 exd5 5. Nf3 Nf6 6. Be3 b6 7. Bb5+ Bd7 8.
Bxd7+ Nbxd7 9. O-O Be7 10. Nbd2 O-O 11. Ne5 Bd6 12. f4 c4 13. Qf3 b5 14. g4
Nb6 15. Kh1 Ne8 16. f5 f6 17. Ng6 hxg6 18. fxg6 f5 19. Qh3 Rf6 20. Bg5 Rxg6
21. Bxd8 Rxd8 22. Rxf5 Rh6 23. Rh5 Bf4 24. Nf3 Rdd6 25. g5 Rxh5 26. Qxh5 Re6
27. Re1 Rxe1+ 28. Nxe1 Nc7 29. g6 Bh6 30. Qf5 {Black resigns} 1-0

[Event "ICC tourney 1955 (60 10)"]
[Site "Internet Chess Club"]
[Date "2020.08.09"]
[Round "7"]
[White "Elieman"]
[Black "liguowh"]
[Result "0-1"]
[ICCResult "White checkmated"]
[WhiteElo "1958"]
[BlackElo "1951"]
[Opening "Sicilian: closed"]
[ECO "B23"]
[NIC "SI.44"]
[Time "12:02:45"]
[TimeControl "3600+10"]

1. e4 c5 2. Nc3 d6 3. f4 g6 4. Nf3 Bg7 5. Bb5+ Nd7 6. O-O a6 7. Bc4 e6 8. d3
b5 9. Bb3 Ne7 10. f5 gxf5 11. Ng5 Ne5 12. Qh5 N7g6 13. exf5 exf5 14. Bf4 c4
15. Bxe5 Bxe5 16. dxc4 h6 17. Nf3 Nf4 18. Qh4 Qxh4 19. Nxh4 b4 20. Na4 Rg8
21. Rae1 Kf8 22. Nb6 Nxg2 23. Nxg2 Bd4+ 24. Kh1 Bxb6 25. Nf4 Bb7+ 26. Nd5
Rg5 27. Ba4 Rc8 28. b3 Bxd5+ 29. cxd5 Rxc2 30. Re8+ Kg7 31. Rb8 Rgg2 32. Rc1
Rxh2# {White checkmated} 0-1

[Event "ICC tourney 1955 (60 10)"]
[Site "Internet Chess Club"]
[Date "2020.08.09"]
[Round "7"]
[White "Mengocat"]
[Black "Goran21"]
[Result "1-0"]
[ICCResult "Black resigns"]
[WhiteElo "1930"]
[BlackElo "2060"]
[Opening "Sicilian: Canal-Sokolsky (Nimzovich-Rossolimo, Moscow) attack"]
[ECO "B51"]
[NIC "SI.01"]
[Time "12:03:00"]
[TimeControl "3600+10"]

1. e4 c5 2. Nf3 d6 3. Bb5+ Nc6 4. O-O e5 5. c3 a6 6. Bxc6+ bxc6 7. d4 cxd4
8. cxd4 Qc7 9. Nc3 Be7 10. Qc2 Nf6 11. dxe5 dxe5 12. h3 h6 13. Be3 Be6 14.
Rfd1 Rc8 15. Na4 Nd7 16. b3 c5 17. Rac1 O-O 18. Nb2 Nb6 19. Nd2 f5 20. b4 c4
21. Bxb6 Qxb6 22. Ndxc4 Qxb4 23. Qe2 Bg5 24. Rc2 fxe4 25. Qxe4 Bf5 26. Qd5+
Kh8 27. Re2 Rcd8 28. Nd6 Bg6 29. Nbc4 e4 30. Ne5 Bh5 31. g4 Rf6 32. gxh5
Rdxd6 33. Qa8+ Kh7 34. Rxd6 Qxd6 35. Ng6 Qd1+ 36. Kg2 Rxg6 37. hxg6+ Kxg6
38. Qxe4+ Kh5 39. Qg4+ Kg6 40. Re6+ Kh7 41. Qxd1 {Black resigns} 1-0

[Event "ICC tourney 1955 (60 10)"]
[Site "Internet Chess Club"]
[Date "2020.08.09"]
[Round "7"]
[White "BadWolf"]
[Black "KylanHuang"]
[Result "1/2-1/2"]
[ICCResult "Game drawn by mutual agreement"]
[WhiteElo "1998"]
[BlackElo "1878"]
[Opening "QGD: Albin counter-gambit"]
[ECO "D08"]
[NIC "QG.02"]
[Time "12:03:06"]
[TimeControl "3600+10"]

1. d4 d5 2. c4 e5 3. cxd5 Qxd5 4. e3 exd4 5. exd4 Nc6 6. Be3 Nf6 7. Nc3 Bb4
8. a3 Bxc3+ 9. bxc3 O-O 10. Nf3 Ng4 11. Bd3 Re8 12. Qd2 Nxe3 13. fxe3 Na5
14. O-O Be6 15. Ne5 Nb3 16. c4 Nxd2 17. cxd5 Nxf1 18. dxe6 f6 19. Nc4 Nxe3
20. Nxe3 Rad8 21. Nf5 g6 22. Bc4 Kh8 23. e7 Rb8 24. Bf7 gxf5 25. Bxe8 Rxe8
26. Rf1 Rxe7 27. Rxf5 Kg7 28. Kf2 Kg6 29. Rd5 b6 30. Kf3
{Game drawn by mutual agreement}
1/2-1/2

[Event "ICC tourney 1955 (60 10)"]
[Site "Internet Chess Club"]
[Date "2020.08.09"]
[Round "7"]
[White "Lonestarpawn"]
[Black "MATEPROOF"]
[Result "0-1"]
[ICCResult "White resigns"]
[WhiteElo "1967"]
[BlackElo "2178"]
[Opening "Sicilian: accelerated fianchetto, modern variation with Bc4"]
[ECO "B35"]
[NIC "SI.43"]
[Time "12:02:52"]
[TimeControl "3600+10"]

1. e4 c5 2. Nf3 g6 3. d4 cxd4 4. Nxd4 Bg7 5. Nc3 Nc6 6. Be3 Nf6 7. Bc4 O-O
8. Bb3 a5 9. f3 d5 10. exd5 Nb4 11. Nde2 a4 12. Nxa4 Nbxd5 13. Bd4 Qa5+ 14.
Nac3 Rd8 15. Qc1 Nxc3 16. Bxc3 Qc5 17. Ng3 Ra6 18. h4 Be6 19. Qg5 Qa7 20. h5
Bxb3 21. cxb3 Re6+ 22. Kf1 Rd5 23. Qf4 Qa6+ 24. Qc4 Qd6 25. Bxf6 Rd1+ 26.
Rxd1 Qxd1+ 27. Kf2 Qd2+ 28. Ne2 Qe3+ 29. Kf1 exf6 30. hxg6 hxg6 31. Rh4 f5
32. f4 Bd4 33. Ke1 Qf2+ 34. Kd2 Be3+ 35. Kc3 Rc6 {White resigns} 0-1

[Event "ICC tourney 1955 (60 10)"]
[Site "Internet Chess Club"]
[Date "2020.08.09"]
[Round "7"]
[White "HiHiHidf"]
[Black "BranKing"]
[Result "0-1"]
[ICCResult "White resigns"]
[WhiteElo "1917"]
[BlackElo "2113"]
[Opening "Ruy Lopez: Schliemann defense"]
[ECO "C63"]
[NIC "RL.06"]
[Time "12:02:17"]
[TimeControl "3600+10"]

1. e4 e5 2. Nf3 Nc6 3. Bb5 f5 4. Bxc6 dxc6 5. Nc3 Nf6 6. d3 Bd6 7. O-O fxe4
8. Nxe4 Nxe4 9. dxe4 O-O 10. h3 Qe8 11. Nh4 Be6 12. g4 Rd8 13. Qe2 Qf7 14.
b3 Kh8 15. Be3 g6 16. Bh6 Rg8 17. Nf3 Rde8 18. Ng5 Qf6 19. Nxe6 Qxe6 20.
Rae1 g5 {White resigns} 0-1

[Event "ICC tourney 1955 (60 10)"]
[Site "Internet Chess Club"]
[Date "2020.08.09"]
[Round "7"]
[White "Kiwiinoz"]
[Black "OctopusYule"]
[Result "0-1"]
[ICCResult "White resigns"]
[WhiteElo "2033"]
[BlackElo "1869"]
[Opening "Evans gambit"]
[ECO "C52"]
[NIC "IG.05"]
[Time "12:02:52"]
[TimeControl "3600+10"]

1. e4 e5 2. Nf3 Nc6 3. Bc4 Bc5 4. b4 Bxb4 5. c3 Ba5 6. O-O Nf6 7. d4 exd4 8.
e5 d5 9. exf6 dxc4 10. Re1+ Be6 11. fxg7 Rg8 12. Ng5 Qf6 13. Nxe6 fxe6 14.
Qh5+ Kd7 15. Bh6 Rae8 16. Re4 Qg6 17. Qh4 Ne7 18. Rxd4+ Kc8 19. Rg4 Qc2 20.
Nd2 Nf5 21. Qh5 Nxh6 22. Qxh6 Bxc3 {White resigns} 0-1

[Event "ICC tourney 1955 (60 10)"]
[Site "Internet Chess Club"]
[Date "2020.08.09"]
[Round "7"]
[White "movingkid"]
[Black "chesslead"]
[Result "0-1"]
[ICCResult "White resigns"]
[WhiteElo "1759"]
[BlackElo "1996"]
[Opening "Philidor: Improved Hanham variation"]
[ECO "B07"]
[NIC "PU.08"]
[Time "12:03:13"]
[TimeControl "3600+10"]

1. e4 d6 2. d4 Nf6 3. Nc3 Nbd7 4. Nf3 e5 5. dxe5 dxe5 6. Bg5 Be7 7. Bc4 c6
8. O-O O-O 9. Re1 Qc7 10. Qe2 b5 11. Bb3 h6 12. Bh4 a5 13. a4 b4 14. Nd1 Nc5
15. Bxf6 Bxf6 16. Bc4 Bg4 17. Ne3 Bd7 18. c3 Nxe4 19. cxb4 axb4 20. Qc2 Nc5
21. Bxf7+ Rxf7 22. Qxc5 e4 23. Nd5 Ra5 24. Rxe4 Rxc5 25. Nxc7 Bxb2 26. Rae1
Bc3 27. Rb1 Ra5 28. Rbxb4 Bxb4 29. Rxb4 Rf8 30. Rd4 Bf5 31. Nh4 Bh7 32. h3
Rc8 33. Ne6 c5 34. Rc4 Rc6 35. Nd4 Rca6 36. Ndf5 g5 37. Ne7+ Kf8 38. Nhf5
Rf6 39. g4 Re6 40. Nd5 Bxf5 41. gxf5 Rd6 42. Nc7 Rd1+ 43. Kg2 Ke7 44. Nb5
Rd5 45. Re4+ Kd7 46. f6 Rf5 47. Rc4 Ra6 48. Nc3 Raxf6 49. Ne4 Rc6 50. a5 Kc7
51. Kg3 Kb7 52. Kg4 Rf4+ 53. Kg3 Rf5 54. Kg4 Re5 55. f4 gxf4 56. Kxf4 Rh5
57. Kg4 Re5 58. Kf4 Rd5 59. Nc3 Rd4+ 60. Rxd4 cxd4 {White resigns} 0-1

[Event "ICC tourney 1955 (60 10)"]
[Site "Internet Chess Club"]
[Date "2020.08.09"]
[Round "7"]
[White "IndianTerritory"]
[Black "Joelpaulg"]
[Result "1/2-1/2"]
[ICCResult "Game drawn by mutual agreement"]
[WhiteElo "2000"]
[BlackElo "1995"]
[Opening "Sicilian: Anderssen variation"]
[ECO "B41"]
[NIC "SI.41"]
[Time "12:03:12"]
[TimeControl "3600+10"]

1. e4 c5 2. Nf3 e6 3. d4 cxd4 4. Nxd4 Nf6 5. Nc3 Nc6 6. Be3 Bb4 7. Nxc6 bxc6
8. Bd2 d5 9. e5 Nd7 10. Qg4 Bf8 11. f4 Rb8 12. b3 g5 13. Rd1 gxf4 14. Bxf4
Bb4 15. Qg3 Qa5 16. Bd2 Qc7 17. Bf4 h5 18. h4 Qb6 19. a3 Bxa3 20. Be2 Bb4
21. Kf1 Qc5 22. Rh3 Ba5 23. Rd3 Ba6 24. Rd1 Bxe2+ 25. Nxe2 Qxc2 26. Rc1 Qh7
27. Rxc6 Rg8 28. Qd3 Qxd3 29. Rxd3 Rg4 30. Rg3 Rxg3 31. Nxg3 Bd8 32. Nxh5
Bxh4 33. Nf6+ Bxf6 34. exf6 Ra8 35. g4 Nxf6 36. g5 Ne4 37. g6 fxg6 38. Rxe6+
Kf7 39. Ra6 Nc5 40. Ra5 Nxb3 41. Rxd5 a5 42. Be3 a4 43. Rb5 Ra5 44. Rb7+ Kf6
45. Rb6+ Kf5 46. Ke2 g5 47. Rb4 g4 48. Kf2 Ke6 49. Bh6 Nc5 50. Rxg4 a3 51.
Bg7 Ra7 52. Rg1 Kd5 53. Rd1+ Kc4 54. Rc1+ Kb3 55. Rb1+ Kc2 56. Rg1 Ne4+ 57.
Ke3 Nc3 58. Be5 a2 59. Ra1 Ra3 60. Bg7 Kb2 61. Kd2 Rb3 62. Bxc3+
{Game drawn by mutual agreement}
1/2-1/2

[Event "ICC tourney 1955 (60 10)"]
[Site "Internet Chess Club"]
[Date "2020.08.09"]
[Round "7"]
[White "tclaneva"]
[Black "abi2009"]
[Result "1/2-1/2"]
[ICCResult "Game drawn by mutual agreement"]
[WhiteElo "1910"]
[BlackElo "1787"]
[Opening "Scotch game"]
[ECO "C45"]
[NIC "SO.05"]
[Time "12:03:27"]
[TimeControl "3600+10"]

1. e4 e5 2. Nf3 Nc6 3. d4 exd4 4. Nxd4 Bc5 5. Be3 Qf6 6. c3 Nge7 7. Bc4 O-O
8. O-O Bb6 9. f4 d6 10. Kh1 Nxd4 11. cxd4 Nc6 12. e5 Qe7 13. Nc3 dxe5 14.
fxe5 Be6 15. Bxe6 fxe6 16. Qd3 Rxf1+ 17. Rxf1 Rd8 18. Rf4 Nxe5 19. Qe4 Ng6
20. Rg4 Qf6 21. h4 Qf5 22. Na4 c6 23. Nxb6 axb6 24. Bg5 Rf8 25. h5 Qxe4 26.
Rxe4 Rf5 27. hxg6 Rxg5 28. gxh7+ Kxh7 29. Rxe6 Rd5 30. Re7 Rxd4 31. Rxb7 b5
32. Rb6 Rd2 33. Rxc6 Rxb2 34. Rb6 Rxa2 35. Rxb5 {Game drawn by mutual
agreement} 1/2-1/2

[Event "ICC tourney 1955 (60 10)"]
[Site "Internet Chess Club"]
[Date "2020.08.09"]
[Round "7"]
[White "Samuel-Colt"]
[Black "PhenomenalChess"]
[Result "1-0"]
[ICCResult "Black resigns"]
[WhiteElo "1824"]
[BlackElo "1619"]
[Opening "Queen's gambit declined"]
[ECO "D30"]
[NIC "QP.08"]
[Time "12:02:28"]
[TimeControl "3600+10"]

1. d4 d5 2. c4 e6 3. g4 c5 4. Bg2 cxd4 5. Qxd4 Nc6 6. Qd1 Bb4+ 7. Bd2 Bxd2+
8. Qxd2 Nge7 9. Nf3 dxc4 10. O-O O-O 11. Rc1 b6 12. Qxd8 Rxd8 13. Ne5 Bb7
14. Nxc4 Nd5 15. Nc3 Nd4 16. Bxd5 exd5 17. Ne5 Re8 18. e3 Rxe5 19. exd4 Rg5
20. f3 h5 21. h4 Rg6 22. g5 a6 23. Re1 Re6 24. Rxe6 fxe6 25. Na4 Bc6 26. Nc3
b5 27. Re1 Kf7 28. a3 Re8 29. Na2 a5 30. Nc1 Bd7 31. Nd3 Rb8 32. Rc1 Rc8 33.
Rxc8 Bxc8 34. Kf2 Ba6 35. Ke3 g6 36. Kf4 Bc8 37. Ke5 Ke7 38. Nf4 Kf7 39. Kd6
b4 40. axb4 axb4 41. Nd3 Ba6 42. Ne5+ Kg7 43. Kxe6 Bc4 44. Kd6 Ba2 45. Kc5
b3 46. Kxd5 {Black resigns} 1-0

[Event "ICC tourney 1955 (60 10)"]
[Site "Internet Chess Club"]
[Date "2020.08.09"]
[Round "7"]
[White "meghna"]
[Black "mopaska1106"]
[Result "1-0"]
[ICCResult "Black resigns"]
[WhiteElo "1945"]
[BlackElo "2008"]
[Opening "Sicilian: Labourdonnais-Löwenthal (Kalashnikov) variation"]
[ECO "B32"]
[NIC "SI.32"]
[Time "12:02:28"]
[TimeControl "3600+10"]

1. e4 c5 2. Nf3 Nc6 3. d4 cxd4 4. Nxd4 e5 5. Nb5 d6 6. c4 Be7 7. N1c3 a6 8.
Na3 Be6 9. Nc2 Bg5 10. Ne3 Nge7 11. Be2 O-O 12. O-O Nd4 13. Bd3 g6 14. Ne2
Nec6 15. Nc2 Nxe2+ 16. Bxe2 Bxc1 17. Rxc1 Qb8 18. Qd3 Rd8 19. Qg3 Qa7 20.
Rcd1 Qc5 21. b3 b5 22. Ne3 Nd4 23. Bd3 Rac8 24. Kh1 Qa3 25. Nf5 Bxf5 26.
exf5 Qxa2 27. fxg6 hxg6 28. Bxg6 fxg6 29. Qxg6+ Kf8 30. f4 {Black resigns}
1-0

[Event "ICC tourney 1955 (60 10)"]
[Site "Internet Chess Club"]
[Date "2020.08.09"]
[Round "7"]
[White "Quinlandia"]
[Black "asergeev"]
[Result "1-0"]
[ICCResult "Black resigns"]
[WhiteElo "2037"]
[BlackElo "1860"]
[Opening "Queen's pawn, Mason variation, Steinitz counter-gambit"]
[ECO "D00"]
[NIC "QP.08"]
[Time "12:02:43"]
[TimeControl "3600+10"]

1. d4 d5 2. Bf4 c5 3. e3 Nc6 4. Nf3 Bg4 5. c3 Qb6 6. Qb3 c4 7. Qc2 e6 8. e4
dxe4 9. Nfd2 Bf5 10. Nxc4 Qd8 11. Qb3 b6 12. Nba3 Nf6 13. Qa4 Qd7 14. Nxb6
axb6 15. Qxa8+ Ke7 16. Bb5 Nb4 17. Bxd7 Nd3+ 18. Kf1 Nxf4 19. Bc6 e3 20.
Qb7+ Kd8 21. Qb8+ Ke7 22. Qc7+ Nd7 23. Qxf4 Bd3+ 24. Ke1 exf2+ 25. Kxf2
{Black resigns}
1-0

[Event "ICC tourney 1955 (60 10)"]
[Site "Internet Chess Club"]
[Date "2020.08.09"]
[Round "7"]
[White "Coolbull"]
[Black "goodcrowdchess"]
[Result "1/2-1/2"]
[ICCResult "Game drawn by mutual agreement"]
[WhiteElo "1819"]
[BlackElo "1606"]
[Opening "Scotch: Schmidt variation"]
[ECO "C45"]
[NIC "SO.03"]
[Time "12:02:24"]
[TimeControl "3600+10"]

1. e4 e5 2. Nf3 Nc6 3. d4 exd4 4. Nxd4 Nf6 5. Nc3 Bb4 6. Nxc6 bxc6 7. Bd3 d5
8. exd5 cxd5 9. O-O O-O 10. Bg5 c6 11. Qf3 Be7 12. Rfe1 Be6 13. Ne2 h6 14.
Bh4 Re8 15. Nd4 Qd7 16. Nxe6 fxe6 17. Rad1 Rab8 18. b3 Nh7 19. Bg3 Bd6 20.
Bxd6 Qxd6 21. c4 Ng5 22. Qe3 d4 23. Qe2 e5 24. h4 Nf7 25. Qe4 c5 26. Qh7+
Kf8 27. Bg6 Rb6 28. Bxf7 Kxf7 29. Qf5+ Qf6 30. Qd7+ Qe7 31. Qd5+ Kf8 32. Re4
Re6 33. f4 exf4 34. Rxe6 Qxe6 35. Qxc5+ Kg8 36. Qxd4 Qg4 37. Qd7 Qg6 38.
Qd5+ Kh8 39. Qf3 Re3 40. Qxf4 Re2 41. Qf3 Rxa2 42. h5 Qb6+ 43. Kh1 Rf2 44.
c5 Qxc5 45. Rd8+ Kh7 46. Qe4+ Qf5 47. Qxf5+ Rxf5 48. Ra8 Rxh5+ 49. Kg1 Ra5
50. Kf2 Ra2+ 51. Kg3 Kg6 52. b4 Kg5 53. b5 Rb2 54. Rxa7 Rxb5 55. Rxg7+ Kf6
{Game drawn by mutual agreement}
1/2-1/2